 Dungeon Crawl Stone Soup version 0.31-a0-1612-g4aaf141004 (webtiles) character file.

Game seed: 17721840070437986954

3236 Gargoyl the Cleaver (level 9, -20/84 HPs)
             Began as a Gargoyle Berserker on Jan 9, 2024.
             Was an Elder of Trog.
             Demolished by a two-headed ogre
             ... wielding a +0 giant club
              (26 damage)
             ... on level 7 of the Dungeon.
             The game lasted 00:08:29 (4730 turns).

Gargoyl the Cleaver (Gargoyle Berserker)            Turns: 4730, Time: 00:08:30

Health: -20/84     AC: 19    Str: 21    XL:     9   Next: 98%
Magic:  9/9        EV:  9    Int:  8    God:    Trog [****..]
Gold:   263        SH:  5    Dex: 13    Spells: 8/8 levels left

rFire   . . .        a - +5 hand axe (venom)
rCold   + . .        h - +0 buckler
rNeg    + . .        c - +0 chain mail
rPois   ∞            (no helmet)
rElec   +            i - +0 cloak
rCorr   .            (no gloves)
SInv    .            e - +0 pair of boots
Will    .....        b - amulet of Manam {Acrobat rC+ Regen+ Stlth+} Stlth
                     (no ring)
HPRegen 1.14/turn    (no ring)
MPRegen 0.11/turn

%: acrobat
@: berserking (expiring), very quick
A: sickness immunity, AC +6, negative energy resistance 1, electricity
resistance, torment resistance 1, petrification resistance, hooves 1
a: Renounce Religion, Berserk, Trog's Hand, Brothers in Arms


You were on level 7 of the Dungeon.
You worshipped Trog.
Trog was greatly pleased with you.
You visited 1 branch of the dungeon, and saw 7 of its levels.
You also visited: Sewer.

You collected 497 gold pieces.
You spent 234 gold pieces at shops.

Inventory:

Hand Weapons
 a - a +5 hand axe of venom (weapon)
 j - a +2 heavy flail
Missiles
 o - 10 poisoned darts (quivered)
Armour
 c - a +0 chain mail (worn)
 e - a +0 pair of boots (worn)
 h - a +0 buckler (worn)
 i - a +0 cloak (worn)
Jewellery
 b - the amulet of Manam (around neck) {Acrobat rC+ Regen+ Stlth+}
   (You acquired it on level 4 of the Dungeon)

   [amulet of the acrobat]

   Acrobat:   It increases your evasion while moving and waiting.
   rC+:       It protects you from cold.
   Regen+:    It increases your rate of health regeneration.
   Stlth+:    It makes you more stealthy.
 p - an amulet of reflection
 s - an amulet of faith
 t - a ring of see invisible
 x - a +6 ring of strength
 y - a ring of magical power
Wands
 q - a wand of roots (9)
Scrolls
 k - a scroll of poison
 m - 9 scrolls of identify
 r - a scroll of immolation
 w - a scroll of fear
 B - a scroll of acquirement
Potions
 d - a potion of enlightenment
 f - 2 potions of berserk rage
 g - a potion of curing
 l - a potion of brilliance
 n - 4 potions of haste
 u - 2 potions of cancellation
 v - a potion of mutation
 z - 2 potions of heal wounds
 A - a potion of magic


   Skills:
 + Level 6.8 Fighting
 + Level 9.3 Axes
 + Level 0.2 Throwing
 + Level 6.6 Armour
 + Level 3.5 Dodging
 + Level 0.6 Stealth
 + Level 3.8 Shields


You had 8 spell levels left.
You didn't know any spells.
Your spell library was empty.

Dungeon Overview and Level Annotations

Branches:
Dungeon (7/15)             Temple (0/1) D:6           Sewer (visited)

Altars:
Ashenzari
Cheibriados
Xom
Yredelemnul

Shops:
D:5 =(   D:6 (


Innate Abilities, Weirdness & Mutations

You are immune to sickness and miasma.
Your stone body is resilient. (AC +6)
You are immune to poison.
You resist negative energy. (rN+)
You are resistant to electric shocks. (rElec)
You are resistant to unholy torment.
You are immune to petrification.
You have large cloven feet.


Message History

You barely miss Menkaure.
Menkaure is heavily damaged.
Menkaure sighs, "It doesn't hurt if you pull your brain out of your nose yourself."
You block Menkaure's attack.
You hit Menkaure.
Menkaure is severely damaged.
Menkaure hits you but does no damage.
A red film seems to cover your vision as you go berserk!
You feel yourself moving faster!
You feel mighty! Menkaure hits you!
The two-headed ogre hits you with a +0 giant club.
The two-headed ogre hits you with a +0 giant club!
You slice Menkaure!!
You destroy Menkaure!
Trog accepts your kill.
Trog appreciates your killing of a magic user.
You hit the two-headed ogre.
The two-headed ogre is poisoned.
You feel a strong urge to attack something.
The two-headed ogre misses you.
The two-headed ogre hits you with a +0 giant club!!
* * * LOW HITPOINT WARNING * * *
You slash the two-headed ogre!
The two-headed ogre looks as sick as possible!
The two-headed ogre is heavily wounded.
You hear the steady creaking of a very distant portcullis.
You slash the two-headed ogre!
The two-headed ogre looks as sick as possible!
The two-headed ogre is severely wounded.
The two-headed ogre hits you with a +0 giant club!
* * * LOW HITPOINT WARNING * * *
The two-headed ogre hits you but does no damage.
You slash the two-headed ogre!
The two-headed ogre looks as sick as possible!
The two-headed ogre is almost dead.
You barely miss the two-headed ogre.
The two-headed ogre is almost dead.
Unknown command.
You barely miss the two-headed ogre.
The two-headed ogre is almost dead.
The two-headed ogre hits you with a +0 giant club!!
You die...

#...# ..... ... ...
#.# # #.# #.#####.###
#...@O....###.###
.....................
.######.#####.###.###
#.# #.# ###.### #.#
#.....# #.# .#
###.....###.# #.#
#...........# #.#
#.#.....##### #.#


You could see a two-headed ogre (extremely poisoned).

Vanquished Creatures
  Joseph (D:7)
  Prince Ribbit (D:5)
  2 steam dragons (D:6)
  Menkaure (D:7)
  A black bear (D:7)
  An ogre (D:6)
  A centaur (D:4)
  2 phantoms
  2 kobold brigands
  2 brain worms (Sewer)
  A weeping skull (D:6)
  A bullfrog (D:7)
  4 scorpions
  5 wights (D:7)
  5 howler monkeys
  3 bombardier beetles
  A hound (D:5)
  3 orc priests
  2 jellies
  3 sleepcaps
  An iguana (D:5)
  5 orc wizards
  Natasha (twice) (D:3)
  4 gnolls (D:7)
  7 adders
  5 river rats (Sewer)
  2 shadow imps
  2 white imps (D:6)
  2 ufetubi (D:5)
  4 dart slugs
  2 ribbon worms (D:2)
  30 orcs
  4 bats
  10 endoplasms
  6 giant cockroaches
  7 goblins
  5 hobgoblins
  8 kobolds
  5 quokkas
  11 ball pythons
  18 frilled lizards
  13 rats
  A spectral orc (D:6)
196 creatures vanquished.

Notes
Turn   | Place    | Note
-------+----------+-------------------------------------------
     0 | D:1      | Gargoyl the Gargoyle Berserker began the quest for the Orb.
     0 | D:1      | Reached XP level 1. HP: 14/14 MP: 1/1
   217 | D:1      | Reached XP level 2. HP: 19/19 MP: 2/2
   232 | D:1      | Reached skill level 3 in Axes
   973 | D:2      | Reached XP level 3. HP: 24/24 MP: 3/3
  1042 | D:2      | Reached ** piety under Trog
  1121 | D:2      | Reached XP level 4. HP: 27/29 MP: 4/4
  1163 | D:2      | Identified the +2 whip "Gaphis Naoh" {holy, Str+3}
  1373 | D:3      | Noticed Natasha
  1380 | D:3      | Killed Natasha
  1708 | D:3      | Reached XP level 5. HP: 33/33 MP: 5/5
  1722 | D:3      | Noticed Natasha
  1732 | D:3      | Killed Natasha
  1733 | D:3      | Reached skill level 4 in Axes
  1779 | D:3      | Reached skill level 1 in Shields
  1826 | D:4      | Noticed a kobold brigand
  1832 | D:4      | Killed a kobold brigand
  1833 | D:4      | Reached XP level 6. HP: 39/39 MP: 6/6
  1856 | D:4      | Identified a scroll of acquirement
  1856 | D:4      | Acquired the amulet of Manam {Acrobat rC+ Regen+ Stlth+}
  2146 | D:4      | Reached skill level 5 in Axes
  2295 | D:4      | Reached XP level 7. HP: 41/44 MP: 7/7
  2346 | D:4      | Reached *** piety under Trog
  2420 | D:5      | Entered Level 5 of the Dungeon
  2431 | D:5      | Reached skill level 5 in Fighting
  2470 | D:5      | Found Aveangah's Antique Weapon Boutique.
  2477 | D:5      | Bought a glowing flail for 234 gold pieces
  2697 | D:5      | Reached skill level 6 in Axes
  2716 | D:5      | Found Hyquluh's Jewellery Shop.
  2741 | D:5      | Reached XP level 8. HP: 49/49 MP: 8/8
  2852 | D:5      | Found a snail-covered altar of Cheibriados.
  2942 | D:5      | Noticed Prince Ribbit
  2960 | D:5      | Found a shimmering altar of Xom.
  2965 | D:5      | Killed Prince Ribbit
  3029 | D:5      | Found a glowing drain.
  3033 | Sewer    | Entered a sewer
  3195 | Sewer    | Reached skill level 7 in Axes
  3276 | Sewer    | Reached skill level 5 in Armour
  3369 | Sewer    | Reached **** piety under Trog
  3615 | D:6      | Found a broken altar of Ashenzari.
  3681 | D:6      | Found a staircase to the Ecumenical Temple.
  3766 | D:6      | Found Doeg Rih's Weapon Shop.
  3792 | D:6      | Reached XP level 9. HP: 55/55 MP: 9/9
  3931 | D:6      | Reached skill level 8 in Axes
  4017 | D:6      | Identified the +0 chain mail of Izae {rPois MP+9}
  4041 | D:6      | Found a basalt altar of Yredelemnul.
  4336 | D:7      | Gained mutation: You have large cloven feet. [potion of
                  | mutation]
  4383 | D:7      | Noticed Joseph
  4406 | D:7      | Killed Joseph
  4428 | D:7      | Reached skill level 9 in Axes
  4714 | D:7      | Noticed a two-headed ogre
  4714 | D:7      | Noticed Menkaure
  4723 | D:7      | Killed Menkaure
  4727 | D:7      | HP: 4/84 [two-headed ogre/+0 giant club (14)]
  4730 | D:7      | Demolished by a two-headed ogre

Illustrated notes

Levels and vault maps discovered:
D:1:      co_arrival_random_square_maze, layout_basic
D:2:      layout_rooms, minmay_between
D:3:      layout_rooms, uniq_natasha
D:4:      minmay_diamond_boxcup, layout_rooms
D:5:      layout_loops_ring, kennysheep_slug_shrine, xom_teletrap_fun,
          serial_shops, shop_coins, shop, gup_sewer_entry_bowl,
          uniq_prince_ribbit1
D:6:      kennysheep_steamy, layout_basic, yredelemnul_forgotten_temple_becter,
          ashenzari_conservatory_becter, minmay_temple_entry_hall, serial_shops,
          shop
D:7:      layout_loops_ring, enter_bailey_7, amcnicky_mini_corridor_feature,
          uniq_menkaure, uniq_joseph

Skill      XL: |  1  2  3  4  5  6  7  8  9 |
---------------+----------------------------+-----
Axes           | 3 4 5 6 7 9 |  9.3
Dodging        | 2 3 |  3.5
Armour         | 3 4 5 6 |  6.6
Fighting       | 4 5 6 |  6.8
Shields        | 1 2 3 |  3.8
Throwing       | |  0.2
Stealth        | |  0.6

Action                     |  1- 3 |  4- 6 |  7- 9 || total
---------------------------+-------+-------+-------++-------
  Melee: Hand axe          |    87 |   131 |   349 ||   567
  Throw: Dart              |       |       |     2 ||     2
 Invoke: Berserk           |     1 |     3 |     5 ||     9
         Trog's Hand       |       |     1 |     4 ||     5
    Use: Scroll            |     4 |     9 |    10 ||    23
         Potion            |       |     4 |     1 ||     5
 Armour: Chain mail        |    68 |    90 |   263 ||   421
  Dodge: Dodged            |    37 |    53 |   139 ||   229
  Block: Buckler           |     5 |    29 |    63 ||    97

Table legend: (Time is in decaauts)
 A = Elapsed time spent in this place.
 B = Non-inter-level travel time spent in this place.
 C = Inter-level travel time spent in this place.
 D = Time resting spent in this place.
 E = Time spent auto-exploring this place.
 F = Levels seen in this place.
 G = Mean time per level.
                   A        B        C        D        E       F      G
               +--------+--------+--------+--------+--------+-----+--------+
         Total |   4880 |   4702 |    178 |     72 |   3087 |   8 |  610.0 |
       Dungeon |   4494 |   4316 |    178 |     72 |   2879 |   7 |  642.0 |
         Sewer |    386 |    386 |      0 |      0 |    207 |   1 |  386.0 |
               +--------+--------+--------+--------+--------+-----+--------+

Top non-repeatable levels by time:
     D:1: 916 daAuts
     D:6: 830 daAuts
     D:5: 750 daAuts
     D:4: 625 daAuts
     D:3: 485 daAuts
     D:2: 480 daAuts
     D:7: 406 daAuts
   Sewer: 386 daAuts
